 Dungeon Crawl Stone Soup version 0.31-a0-986-g5e6e4ef867 (webtiles) character file.

Game seed: 16803300044546803748

238 javelincjr the Conjurer (level 6, -2/36 HPs)
             Began as an Octopode Conjurer on Nov 6, 2023.
             Slain by a sleepcap (5 damage)
             ... on level 4 of the Dungeon.
             The game lasted 00:12:43 (3189 turns).

javelincjr the Conjurer (Octopode Conjurer)         Turns: 3189, Time: 00:12:44

Health: -2/36      AC:  1    Str: 13    XL:     6   Next: 7%
Magic:  14/20      EV: 14    Int: 22    God:
Gold:   205        SH:  5    Dex: 16    Spells: 9/12 levels left

rFire   + . .        A - +2 dagger (venom)
rCold   . . .        (no shield)
rNeg    . . .        (helmet restricted)
rPois   +            x - amulet of reflection
rElec   .            c - ring of flight
rCorr   .            e - +6 ring of strength
SInv    .            i - ring of poison resistance
Will    .....        m - ring of magical power
Stlth   ++++         q - ring of protection from fire
HPRegen 0.26/turn    v - +6 ring of dexterity
MPRegen 0.17/turn    (no ring)
                     (no ring)

%: reflection
@: flying
A: almost no armour, amphibious, 8 rings, camouflage 1, gelatinous body 1,
(nimble swimmer 1), tentacles
a: no special abilities


You were on level 4 of the Dungeon.
You visited 2 branches of the dungeon, and saw 5 of its levels.

You collected 205 gold pieces.

Inventory:

Hand Weapons
 g - a +1 dagger of venom
 A - a +2 dagger of venom (weapon)
Missiles
 w - a throwing net
Jewellery
 c - a ring of flight (left tentacle)
 e - a +6 ring of strength (right tentacle)
 i - a ring of poison resistance (on tentacle)
 m - a ring of magical power (on tentacle)
 q - a ring of protection from fire (on tentacle)
 v - a +6 ring of dexterity (on tentacle)
 x - an amulet of reflection (around mantle)
Wands
 s - a wand of polymorph (6)
 y - a wand of light (10)
Scrolls
 k - 3 scrolls of identify {unknown}
 n - a scroll of revelation {unknown}
 o - 2 scrolls of fog {unknown}
 p - a scroll of fear {unknown}
 u - 3 scrolls of teleportation {unknown}
 z - a scroll of enchant weapon {unknown}
Potions
 a - a potion of magic
 b - 2 potions of mutation {unknown}
 d - 3 potions of lignification {unknown}
 f - a potion of curing {unknown}
 h - a potion of enlightenment {unknown}
 j - 2 potions of heal wounds {unknown}
 l - 2 potions of might {unknown}
 r - 2 potions of haste {unknown}
 t - a potion of invisibility {unknown}


   Skills:
 + Level 3.0 Dodging
 + Level 4.1 Stealth
 * Level 3.6 Spellcasting
 * Level 5.2 Conjurations


You had 9 spell levels left.
You knew the following spells:

 Your Spells              Type           Power      Damage    Failure   Level
a - Magic Dart            Conj           100%       1d8       1%          1
b - Searing Ray           Conj           54%        2d6       1%          2

Your spell library contained the following spells:

 Spells                   Type           Power      Damage    Failure   Level
 Dazzling Flash           Conj/Hex       30%        N/A       12%         3
 Fulminant Prism          Conj/Hex       7%         3d7       36%         4
 Iskenderun's Mystic Bla  Conj/Tloc      15%        2d5       36%         4


Dungeon Overview and Level Annotations

Branches:
Dungeon (4/15)             Temple (1/1) D:4

Altars:
Ashenzari
Cheibriados
Dithmenos
Elyvilon
Fedhas
Hepliaklqana
Kikubaaqudgha
Makhleb
Nemelex Xobeh
Qazlal
Ru
Trog
Uskayaw
Wu Jian
Xom
Yredelemnul
Zin
The Shining One

Annotations:
D:4 Ijyb


Innate Abilities, Weirdness & Mutations

You cannot wear most types of armour.
You are amphibious.
You can wear up to eight rings at the same time.
Your skin changes colour to match your surroundings (Stealth+).
Your rubbery body absorbs attacks. (AC +1, EV +1)
((You are camouflaged when in or above water. (Stealth+)))
You have tentacles for arms and can constrict up to eight enemies at once.


Message History

You're too confused to cast spells.
You are too confused!
You bump into the rock wall.
Ijyb hits you with a +0 club. Ijyb barely misses you.
You feel less confused.
Ijyb screams, "It's all mine!"
Ijyb barely misses you. The sleepcap closely misses you.
Casting: Magic Dart (safe; 1% risk of failure)
Confirm with . or Enter, or press ? or * to list all spells.
Aiming: Searing Ray (safe; 1% risk of failure)
Press: ? - help, Shift-Dir - straight line, f/p - Ijyb
Aim: Ijyb, wielding a +0 club, wearing a +0 leather armour and carrying a wand of charming (moderately wounded, 74% to hit)
The searing ray hits Ijyb.
Ijyb is heavily wounded. (Press . to maintain the ray.) Ijyb completely misses you.
The sleepcap releases spores at you but does no damage.
The searing ray hits Ijyb.
Ijyb is heavily wounded.
Ijyb zaps a wand.
You resist with some effort. The sleepcap releases spores at you.
The searing ray hits Ijyb.
Ijyb is severely wounded.
Ijyb closely misses you. The sleepcap releases spores at you!
You are engulfed in a cloud of soporific spores!
You fall asleep.
Ijyb hits you with a +0 club!
You wake up.
* * * LOW HITPOINT WARNING * * *
The sleepcap barely misses you.
Casting: Searing Ray (safe; 1% risk of failure)
Confirm with . or Enter, or press ? or * to list all spells.
Aiming: Searing Ray (safe; 1% risk of failure)
Press: ? - help, Shift-Dir - straight line, f/p - Ijyb
Aim: Ijyb, wielding a +0 club, wearing a +0 leather armour and carrying a wand of charming (severely wounded, 74% to hit)
The searing ray misses Ijyb. (Press . to maintain the ray.) Ijyb hits you with a +0 club.
* * * LOW HITPOINT WARNING * * *
The sleepcap releases spores at you.
You die...

#+#+###.........†'..............#
# .........################
.........# .........##
#...%.....# #.........#
#.........# #.......g.#
#.......@.# #.......f.#
#.........# #.........#
..........# ........## ........#
........#


You could see a sleepcap and Ijyb.

Vanquished Creatures
  Jessica (D:3)
  Natasha (thrice) (D:3)
  A sleepcap (D:3)
  Robin (D:2)
  An adder (D:2)
  A worm (D:2)
  6 dart slugs
  2 orcs (D:3)
  6 endoplasms
  5 giant cockroaches
  8 goblins
  7 hobgoblins
  11 ball pythons
  7 bats
  6 frilled lizards
  7 kobolds
  5 rats
78 creatures vanquished.

Notes
Turn   | Place    | Note
-------+----------+-------------------------------------------
     0 | D:1      | javelincjr the Octopode Conjurer began the quest for the
                  | Orb.
     0 | D:1      | Reached XP level 1. HP: 11/11 MP: 3/3
   223 | D:1      | Reached XP level 2. HP: 17/17 MP: 0/5
   659 | D:1      | Found a faded altar of an unknown god.
   939 | D:1      | Reached XP level 3. HP: 21/21 MP: 4/6
  1562 | D:2      | Learned a level 2 spell: Searing Ray
  1594 | D:2      | Noticed Robin
  1615 | D:2      | Killed Robin
  1616 | D:2      | Reached XP level 4. HP: 26/27 MP: 5/8
  2394 | D:3      | Noticed Natasha
  2398 | D:3      | Killed Natasha
  2399 | D:3      | Reached XP level 5. HP: 26/31 MP: 9/9
  2420 | D:3      | Noticed Natasha
  2424 | D:3      | Killed Natasha
  2449 | D:3      | Noticed Natasha
  2452 | D:3      | Killed Natasha
  2453 | D:3      | Reached skill level 5 in Conjurations
  2474 | D:3      | Found a hazy altar of Hepliaklqana.
  2605 | D:3      | Found a sacrificial altar of Ru.
  2902 | D:3      | Noticed Jessica
  2907 | D:3      | Killed Jessica
  2908 | D:3      | Reached XP level 6. HP: 36/36 MP: 11/11
  2994 | D:4      | Found a staircase to the Ecumenical Temple.
  3008 | Temple   | Entered the Ecumenical Temple
  3176 | D:4      | Noticed Ijyb
  3189 | D:4      | Slain by a sleepcap

Illustrated notes

Levels and vault maps discovered:
D:1:      scummos_arrival_simple_crosswalls, layout_loops_ring,
          ebering_ecumenical_altar_petrified, chequers_arboretum
D:2:      layout_loops_cross, amcnicky_mini_pool_small, uniq_robin
D:3:      layout_basic, nicolae_hepliaklqana_hazy_memory,
          mainiacjoe_overflow_brackets, uniq_natasha, uniq_jessica
D:4:      layout_basic, temple_statues, grunt_decor_mini_mirrors,
          minmay_hedge_maze, uniq_ijyb
Temple:   minmay_temple_bridge_d

Skill      XL: |  1  2  3  4  5 |
---------------+----------------+-----
Stealth        | 3 4 |  4.1
Spellcasting   | 3 |  3.6
Conjurations   | 5 |  5.2
Dodging        | 3 |  3.0

Action                     |  1- 3 |  4- 6 || total
---------------------------+-------+-------++-------
  Melee: Dagger            |     4 |     7 ||    11
         Tentacles         |     1 |     2 ||     3
         Constrict         |     1 |     1 ||     2
   Cast: Magic Dart        |    61 |    63 ||   124
         Searing Ray       |     3 |     9 ||    12
 Armour: Skin              |     4 |    21 ||    25
  Dodge: Dodged            |     8 |    14 ||    22
  Block: Other             |       |     1 ||     1

Table legend: (Time is in decaauts)
 A = Elapsed time spent in this place.
 B = Non-inter-level travel time spent in this place.
 C = Inter-level travel time spent in this place.
 D = Time resting spent in this place.
 E = Time spent auto-exploring this place.
 F = Levels seen in this place.
 G = Mean time per level.
                   A        B        C        D        E       F      G
               +--------+--------+--------+--------+--------+-----+--------+
         Total |   3191 |   3102 |     89 |    340 |   2303 |   5 |  638.2 |
       Dungeon |   3189 |   3100 |     89 |    340 |   2303 |   4 |  797.2 |
        Temple |      1 |      1 |      0 |      0 |      0 |   1 |    1.0 |
               +--------+--------+--------+--------+--------+-----+--------+

Top non-repeatable levels by time:
     D:1: 1202 daAuts
     D:2: 1179 daAuts
     D:3: 610 daAuts
     D:4: 197 daAuts
  Temple: 1 daAuts
